[Event "ICC tourney 2533 (25 5)"]
[Site "Internet Chess Club"]
[Date "2021.04.24"]
[Round "1"]
[White "DAVID, ADRIAN:K09-17191302"]
[Black "BERGMAN CHUDNOW, BRYAN:K09-15424930"]
[Result "0-1"]
[ICCResult "White checkmated"]
[WhiteElo "738"]
[BlackElo "1759"]
[Opening "Sicilian: dragon variation"]
[ECO "B70"]
[NIC "SI.15"]
[Time "11:01:33"]
[PlyCount "60"]
[TimeControl "1500+5"]

1. e4 c5 2. Nf3 d6 3. d4 cxd4 4. Nxd4 Nf6 5. Nc3 g6 6. Bc4 Bg7 7. O-O O-O
8. Re1 Nc6 9. Be3 Ng4 10. Qd2 Nxe3 11. fxe3 Bd7 12. Rf1 Rc8 13. Bb3 Ne5 14.
Nf3 Nxf3+ 15. Rxf3 Bc6 16. Raf1 e6 17. Qf2 Qe7 18. Rh3 Bxc3 19. bxc3 Bxe4
20. Rh4 f5 21. Qd2 Qxh4 22. Bxe6+ Kg7 23. Bxc8 Rxc8 24. Qxd6 Rxc3 25. Rf4
Qe1+ 26. Rf1 Qxe3+ 27. Kh1 Bxg2+ 28. Kxg2 Rxc2+ 29. Kh1 Qe4+ 30. Kg1 Qg2# {
White checkmated } 0-1

[Event "ICC tourney 2533 (25 5)"]
[Site "Internet Chess Club"]
[Date "2021.04.24"]
[Round "1"]
[White "MAKODE, ATHARVA:K09-16723328"]
[Black "CRIST, CARTER:K09-15446271"]
[Result "1-0"]
[ICCResult "Black checkmated"]
[WhiteElo "1446"]
[BlackElo "435"]
[Opening "Queen's pawn, Mason variation"]
[ECO "D00"]
[NIC "QP.08"]
[Time "11:03:01"]
[PlyCount "131"]
[TimeControl "1500+5"]

1. d4 d5 2. Bf4 e6 3. e3 Bd7 4. c3 Be7 5. Bd3 g5 6. Bg3 Nf6 7. h3 O-O 8.
Be5 c5 9. Bxf6 Bxf6 10. Qh5 Re8 11. Bxh7+ Kf8 12. Nf3 cxd4 13. cxd4 Qa5+
14. Nbd2 e5 15. O-O Ke7 16. Nb3 Qc7 17. dxe5 Bxe5 18. Qxg5+ Bf6 19. Qxd5
Be6 20. Qc5+ Kd8 21. Qxc7+ Kxc7 22. Rac1+ Nc6 23. Nfd4 Bd7 24. Bd3 Kd8 25.
Nxc6+ bxc6 26. Rfd1 Ke7 27. Nd4 Red8 28. Nxc6+ Ke8 29. Nxd8 Bxd8 30. Be4
Rc8 31. Rxc8 Bxc8 32. Bc6+ Ke7 33. f3 Bc7 34. Kf2 Be6 35. Bd5 Bf5 36. e4
Bd7 37. Bb3 Bb6+ 38. Ke2 Bb5+ 39. Kd2 Ba5+ 40. Kc2 Kf6 41. a4 Ba6 42. Rd6+
Ke7 43. Rxa6 Bc7 44. Rxa7 Kd7 45. Rxc7+ Kxc7 46. Bxf7 Kd6 47. Bd5 Ke7 48.
h4 Kf6 49. g4 Kg7 50. h5 Kh6 51. a5 Kg5 52. a6 Kf4 53. a7 Kg5 54. a8=Q Kf6
55. Qf8+ Kg5 56. Qf5+ Kh4 57. h6 Kg3 58. h7 Kf2 59. h8=Q Ke3 60. Qh6+ Kd4
61. Qhf6+ Ke3 62. Qf4+ Ke2 63. Bc4+ Kf2 64. Qd4+ Kg2 65. Qdd2+ Kh1 66.
Qdh2# { Black checkmated } 1-0

[Event "ICC tourney 2533 (25 5)"]
[Site "Internet Chess Club"]
[Date "2021.04.24"]
[Round "1"]
[White "BUCHIREDDY, SAMHITHA:K09-30014268"]
[Black "GIORGIO TESSIORE, LUCA:K09-17347744"]
[Result "0-1"]
[ICCResult "White checkmated"]
[WhiteElo "842"]
[BlackElo "1914"]
[Opening "Sicilian: accelerated fianchetto, exchange variation"]
[ECO "B34"]
[NIC "SI.33"]
[Time "11:03:46"]
[PlyCount "112"]
[TimeControl "1500+5"]

1. e4 c5 2. Nf3 Nc6 3. d4 cxd4 4. Nxd4 g6 5. Nxc6 bxc6 6. Nc3 Bg7 7. Bd2 d6
8. Be2 Nf6 9. O-O O-O 10. Be3 Bb7 11. a4 a5 12. Bf3 d5 13. exd5 cxd5 14.
Nb5 Qd7 15. c3 Ba6 16. Be2 Qb7 17. Ra2 Rfc8 18. Qc2 Ne8 19. Rd1 e6 20. Bd4
Bxd4 21. Rxd4 e5 22. Rh4 Qe7 23. Rh3 Rd8 24. Qd2 Bc8 25. Rg3 f5 26. Qg5
Qxg5 27. Rxg5 Ng7 28. Ra1 Ne6 29. Rg3 e4 30. Nd4 f4 31. Nxe6 Bxe6 32. Rg5
Kg7 33. Rd1 Kf6 34. h4 h6 35. Rg4 Bxg4 36. Bxg4 Rab8 37. Rb1 Rb3 38. Bd1
Rb6 39. Bc2 Rdb8 40. Bd1 Rxb2 41. Rxb2 Rxb2 42. Kf1 Ke5 43. Ke1 Kd6 44. Kf1
Kc5 45. Ke1 Kc4 46. Kf1 Kxc3 47. Ke1 d4 48. g3 f3 49. Kf1 d3 50. Ke1 d2+
51. Kf1 Rb1 52. Kg1 Rxd1+ 53. Kh2 Rh1+ 54. Kxh1 d1=Q+ 55. Kh2 Qf1 56. h5
Qg2# { White checkmated } 0-1

[Event "ICC tourney 2533 (25 5)"]
[Site "Internet Chess Club"]
[Date "2021.04.24"]
[Round "1"]
[White "LIU, JOSHUA:K09-16222106"]
[Black "GANESH, SAANJALI:K09-15003445"]
[Result "0-1"]
[ICCResult "White resigns"]
[WhiteElo "1613"]
[BlackElo "639"]
[Opening "Queen's pawn: Charlick (Englund) gambit"]
[ECO "A40"]
[NIC "QO.17"]
[Time "11:01:45"]
[PlyCount "88"]
[TimeControl "1500+5"]

1. d4 e5 2. dxe5 d6 3. exd6 Qxd6 4. Qxd6 Bxd6 5. Nc3 Nc6 6. Nf3 Nf6 7. Bg5
O-O 8. Bxf6 gxf6 9. Nd5 Kg7 10. O-O-O Bf5 11. e3 Be4 12. a3 Ne5 13. Nxe5
Bxe5 14. Bc4 Rad8 15. f3 b5 16. fxe4 bxc4 17. Nb4 c3 18. Nd3 Bd6 19. Kb1
Rde8 20. Nf2 cxb2 21. Kxb2 Re5 22. Rd3 Rb8+ 23. Rb3 Rb6 24. g3 f5 25. exf5
Rxb3+ 26. cxb3 Rxe3 27. Rc1 Be5+ 28. Kc2 Re2+ 29. Kd3 Rxf2 30. Ke4 Kf6 31.
Rc6+ Bd6 32. h4 Re2+ 33. Kf3 Rb2 34. b4 Rb3+ 35. Ke4 Rxg3 36. Ra6 Rh3 37.
Rxa7 h5 38. b5 Rxh4+ 39. Kd5 Rh1 40. a4 Rc1 41. Ra8 Kxf5 42. Kd4 h4 43. a5
h3 44. Rh8 Be5+ { White resigns } 0-1

[Event "ICC tourney 2533 (25 5)"]
[Site "Internet Chess Club"]
[Date "2021.04.24"]
[Round "1"]
[White "KOTHAPALLI, ASHISH:K09-16185293"]
[Black "KE, RIANNE:K09-15179208"]
[Result "0-1"]
[ICCResult "White checkmated"]
[WhiteElo "897"]
[BlackElo "2020"]
[Opening "Queen's pawn: London system"]
[ECO "A45"]
[NIC "QP.07"]
[Time "11:03:06"]
[PlyCount "84"]
[TimeControl "1500+5"]

1. d4 Nf6 2. Bf4 g6 3. Nc3 Bg7 4. Nf3 d6 5. e3 O-O 6. Bc4 b6 7. e4 Bb7 8.
Qe2 Nbd7 9. Ba6 Qc8 10. Bxb7 Qxb7 11. d5 c6 12. O-O Nc5 13. b4 Na6 14. dxc6
Qxc6 15. Nd5 Nxd5 16. exd5 Qa4 17. Rab1 Nxb4 18. Qc4 a5 19. c3 Rac8 20. Qe4
Rxc3 21. Qxe7 Nxd5 22. Qg5 Nxf4 23. Rxb6 Ne2+ 24. Kh1 Nd4 25. Nxd4 Qxd4 26.
Rbb1 Rc2 27. Qxa5 Rxf2 28. Rfd1 Qe4 29. Qg5 Re8 30. a3 Re2 31. h3 Bf6 32.
Qg3 Bh4 33. Qg4 Qxg4 34. hxg4 Ra2 35. Rxd6 Rxa3 36. Kh2 Bg3+ 37. Kh1 Bxd6
38. Rd1 Bg3 39. Rf1 Rae3 40. g5 Re1 41. Rg1 Rxg1+ 42. Kxg1 Re1# { White
checkmated } 0-1

[Event "ICC tourney 2533 (25 5)"]
[Site "Internet Chess Club"]
[Date "2021.04.24"]
[Round "1"]
[White "SANKARANAARAYAN, HRUSHIKESH:K09-16322758"]
[Black "JAKOB RAZA REMPE, JONAS:K09-15043490"]
[Result "0-1"]
[ICCResult "White resigns"]
[WhiteElo "849"]
[BlackElo "1955"]
[Opening "King's Indian: London system"]
[ECO "A48"]
[NIC "QP.03"]
[Time "11:09:49"]
[PlyCount "64"]
[TimeControl "1500+5"]

1. d4 Nf6 2. Nf3 g6 3. Bf4 Bg7 4. g3 O-O 5. Bg2 d6 6. O-O Nbd7 7. Nbd2 c6
8. e3 Qc7 9. c3 e5 10. Bg5 h6 11. Bxf6 Nxf6 12. Qc2 Re8 13. e4 b6 14. Rfe1
Nh7 15. b3 f5 16. Nh4 g5 17. Nxf5 Bxf5 18. exf5 d5 19. c4 exd4 20. Rxe8+
Rxe8 21. cxd5 d3 22. Qxd3 Bxa1 23. d6 Qd7 24. Ne4 Kg7 25. f6+ Nxf6 26. Nxf6
Bxf6 27. h3 Rd8 28. Qa6 Qxd6 29. Qxa7+ Rd7 30. Qxb6 Bd4 31. Qa6 Qxg3 32.
Qb6 Bxb6 { White resigns } 0-1

[Event "ICC tourney 2533 (25 5)"]
[Site "Internet Chess Club"]
[Date "2021.04.24"]
[Round "1"]
[White "LI, EDWARD:K09-16292831"]
[Black "AMERINENI, SUNKRITH:K09-17355682"]
[Result "1-0"]
[ICCResult "Black resigns"]
[WhiteElo "1595"]
[BlackElo "629"]
[Opening "Sicilian: Taimanov variation"]
[ECO "B49"]
[NIC "SI.41"]
[Time "11:04:49"]
[PlyCount "95"]
[TimeControl "1500+5"]

1. e4 c5 2. Nf3 e6 3. d4 cxd4 4. Nxd4 a6 5. Nc3 Nc6 6. Be3 Qc7 7. Be2 Bb4
8. Qd2 Nf6 9. f3 O-O 10. a3 Ba5 11. Nxc6 bxc6 12. Bc5 Bxc3 13. Qxc3 d6 14.
Be3 Bd7 15. Bg5 Rfc8 16. Bxf6 gxf6 17. Qxf6 d5 18. e5 Rcb8 19. b4 c5 20. c3
cxb4 21. cxb4 Qc3+ 22. Kf2 Qd4+ 23. Kg3 a5 24. bxa5 Rxa5 25. Rab1 Raa8 26.
Rbd1 Qc5 27. Bd3 Qf8 28. h4 Qg7+ 29. Qg5 h6 30. Qxg7+ Kxg7 31. Kg4 Rxa3 32.
Rh3 Rbb3 33. f4 f6 34. exf6+ Kxf6 35. Kh5 Kg7 36. Rg3+ Kf8 37. Kxh6 Bb5 38.
Bxb5 Rxg3 39. f5 Rxg2 40. fxe6 Rg7 41. Rxd5 Rh3 42. Rd8+ Ke7 43. Rd7+ Kxe6
44. Rxg7 Rxh4+ 45. Kg5 Rb4 46. Rg6+ Kd5 47. Be2 Re4 48. Bf3 { Black resigns
} 1-0

[Event "ICC tourney 2533 (25 5)"]
[Site "Internet Chess Club"]
[Date "2021.04.24"]
[Round "1"]
[White "ATREYA, CHARVI:K09-16816706"]
[Black "HUSTON, GUS:K09-14921551"]
[Result "0-1"]
[ICCResult "White resigns"]
[WhiteElo "944"]
[BlackElo "2243"]
[Opening "Four knights: Italian variation"]
[ECO "C55"]
[NIC "IG.01"]
[Time "11:02:06"]
[PlyCount "64"]
[TimeControl "1500+5"]

1. e4 e5 2. Nf3 Nc6 3. Bc4 Nf6 4. Nc3 Nxe4 5. Nxe4 d5 6. Bd3 dxe4 7. Bxe4
Bd6 8. O-O O-O 9. h3 f5 10. Bd5+ Kh8 11. d3 h6 12. Re1 Qf6 13. c3 Bd7 14.
Qb3 Na5 15. Qc2 c6 16. Bb3 Nxb3 17. Qxb3 b6 18. Bd2 Rae8 19. Qa4 a5 20. Re2
b5 21. Qxa5 Ra8 22. Qb6 Rfb8 23. Qe3 f4 24. Qe4 Bf5 25. Qxc6 Bxd3 26. Ree1
Rd8 27. a3 Rac8 28. Qa6 e4 29. Nd4 e3 30. fxe3 f3 31. Kh1 fxg2+ 32. Kxg2
Qg6+ { White resigns } 0-1

[Event "ICC tourney 2533 (25 5)"]
[Site "Internet Chess Club"]
[Date "2021.04.24"]
[Round "1"]
[White "BUCHIREDDY, NEELI:K09-17330278"]
[Black "XIONG, LANG:K09-16344675"]
[Result "0-1"]
[ICCResult "White checkmated"]
[WhiteElo "750"]
[BlackElo "1786"]
[Opening "Caro-Kann: Panov-Botvinnik attack"]
[ECO "B13"]
[NIC "CK.02"]
[Time "11:03:19"]
[PlyCount "78"]
[TimeControl "1500+5"]

1. e4 c6 2. d4 d5 3. exd5 cxd5 4. c4 e6 5. Nc3 dxc4 6. Bxc4 Nc6 7. Nf3 Nf6
8. O-O Bd6 9. d5 exd5 10. Nxd5 Nxd5 11. Qxd5 Be6 12. Qb5 Bxc4 13. Qxc4 O-O
14. Be3 Rc8 15. Qe2 Re8 16. Rad1 Qf6 17. Qb5 b6 18. Bg5 Qg6 19. Nh4 Qe6 20.
Nf3 Ne5 21. Nxe5 Bxe5 22. f4 Bd4+ 23. Kh1 Bc5 24. f5 Qc6 25. Qd3 f6 26. Bf4
Qe4 27. Qg3 Qxf5 28. Bd2 Qg6 29. Qb3+ Qf7 30. Qb5 Qxa2 31. b4 a6 32. Qd3
Rcd8 33. Qg3 Rxd2 34. Ra1 Qc4 35. bxc5 bxc5 36. Rxf6 Qd4 37. Rff1 Qd3 38.
Qc7 Qd5 39. Qa7 Qxg2# { White checkmated } 0-1

[Event "ICC tourney 2533 (25 5)"]
[Site "Internet Chess Club"]
[Date "2021.04.24"]
[Round "1"]
[White "PRASAD DAS, BISHAL:K09-17120700"]
[Black "WU, WILLIAM:K09-15782241"]
[Result "0-1"]
[ICCResult "White checkmated"]
[WhiteElo "797"]
[BlackElo "1854"]
[Opening "Four knights: double Ruy Lopez"]
[ECO "C49"]
[NIC "KP.03"]
[Time "11:02:47"]
[PlyCount "66"]
[TimeControl "1500+5"]

1. e4 e5 2. Nf3 Nc6 3. Nc3 Nf6 4. Bb5 Bb4 5. a3 Bxc3 6. dxc3 d6 7. Bxc6+
bxc6 8. Qd3 h6 9. O-O O-O 10. h3 Be6 11. Be3 Nd7 12. c4 f5 13. b3 f4 14.
Bd2 Qf6 15. Rfd1 Nc5 16. Qe2 Qg6 17. Kf1 Qxe4 18. Qxe4 Nxe4 19. Ba5 Rf7 20.
Re1 Nf6 21. Rad1 Bf5 22. Rc1 g5 23. g4 fxg3 24. fxg3 Bxh3+ 25. Kf2 Ng4+ 26.
Ke2 e4 27. Nd4 Rf2+ 28. Kd1 c5 29. Nc6 Bg2 30. Bxc7 Bf3+ 31. Re2 Rxe2 32.
Rb1 Ne3+ 33. Kc1 Rxc2# { White checkmated } 0-1

[Event "ICC tourney 2533 (25 5)"]
[Site "Internet Chess Club"]
[Date "2021.04.24"]
[Round "1"]
[White "ROMANYUK, NIKITA:K09-16682244"]
[Black "PARKS CHURCH, OWEN:K09-15268150"]
[Result "0-1"]
[ICCResult "White checkmated"]
[WhiteElo "166"]
[BlackElo "1334"]
[Opening "Four knights: Gunsberg variation"]
[ECO "C47"]
[NIC "RG.01"]
[Time "11:03:02"]
[PlyCount "96"]
[TimeControl "1500+5"]

1. e4 e5 2. Nf3 Nf6 3. Nc3 Nc6 4. a3 d6 5. Bb5 Bd7 6. d3 a6 7. Bc4 g6 8.
Ng5 d5 9. exd5 Na5 10. Ba2 h6 11. Nge4 b5 12. h3 Nb7 13. O-O Bg7 14. Re1
O-O 15. Qf3 Bf5 16. b4 Bxe4 17. dxe4 Nd6 18. Bb2 Rc8 19. Qd3 c6 20. dxc6
Rxc6 21. f3 Re8 22. Nd5 Qc8 23. Bb3 Nc4 24. Rab1 Nxd5 25. exd5 Rd6 26. Re4
f5 27. Re2 Nxb2 28. Rxb2 e4 29. fxe4 fxe4 30. Rxe4 Rxe4 31. Qxe4 Bxb2 32.
a4 Qf5 33. Qe8+ Qf8 34. Qe3 Qg7 35. axb5 Bd4 36. Qxd4 Qxd4+ 37. Kh1 axb5
38. Kh2 Rxd5 39. Bxd5+ Qxd5 40. c4 Qxc4 41. g4 Qf4+ 42. Kg2 Kf7 43. Kg1 Ke6
44. Kh1 Ke5 45. h4 Ke4 46. h5 Qf1+ 47. Kh2 Kf3 48. hxg6 Qg2# { White
checkmated } 0-1

[Event "ICC tourney 2533 (25 5)"]
[Site "Internet Chess Club"]
[Date "2021.04.24"]
[Round "1"]
[White "MATHIYAZHAGAN, ASHRITH:K09-15357100"]
[Black "HUANG, VINSON:K09-16952520"]
[Result "1-0"]
[ICCResult "Black resigns"]
[WhiteElo "1581"]
[BlackElo "614"]
[Opening "French: Tarrasch"]
[ECO "C03"]
[NIC "FR.07"]
[Time "11:02:03"]
[PlyCount "51"]
[TimeControl "1500+5"]

1. e4 e6 2. d4 d5 3. Nd2 dxe4 4. Nxe4 Nf6 5. Bd3 Nc6 6. c3 Be7 7. Nf3 O-O
8. O-O Nxe4 9. Bxe4 Re8 10. Bxc6 bxc6 11. Ne5 Bb7 12. Qf3 Rf8 13. Nxc6 Bxc6
14. Qxc6 h6 15. Bf4 Bd6 16. Bg3 Bxg3 17. fxg3 Rb8 18. b4 Rb6 19. Qc4 Qd6
20. a4 Rc6 21. Qb3 Rb8 22. Rf3 a5 23. b5 Rcb6 24. Qd1 c6 25. c4 cxb5 26. c5
{ Black resigns } 1-0

[Event "ICC tourney 2533 (25 5)"]
[Site "Internet Chess Club"]
[Date "2021.04.24"]
[Round "1"]
[White "MIYASAKA, JULIA:K09-14751032"]
[Black "RODIC, ELLIOT:K09-16510635"]
[Result "1-0"]
[ICCResult "Black checkmated"]
[WhiteElo "1746"]
[BlackElo "724"]
[Opening "Giuoco Pianissimo"]
[ECO "C55"]
[NIC "IG.01"]
[Time "11:01:35"]
[PlyCount "103"]
[TimeControl "1500+5"]

1. e4 e5 2. Nf3 Nc6 3. Bc4 Nf6 4. d3 Bc5 5. O-O d6 6. c3 Bg4 7. Nbd2 O-O 8.
h3 Bh5 9. Re1 Re8 10. Nf1 Bxf3 11. Qxf3 a6 12. Bg5 h6 13. Bxf6 Qxf6 14.
Qxf6 gxf6 15. Bb3 Ne7 16. Rad1 Ng6 17. d4 exd4 18. cxd4 Bb4 19. Re3 c6 20.
Ng3 Rf8 21. Nf5 Kh7 22. a3 Ba5 23. Nxd6 Bc7 24. Nxb7 Rab8 25. Nc5 Rbd8 26.
Nxa6 Bf4 27. Rc3 Ne7 28. Nc5 Kg6 29. a4 Bd6 30. Nb7 Rd7 31. Nxd6 Rxd6 32.
Rcd3 Ra8 33. Ra1 Ra5 34. Bc2 Rd7 35. b4 Ra6 36. Rb1 Rb7 37. b5 cxb5 38.
Rxb5 Rba7 39. Rg3+ Kh7 40. e5+ f5 41. d5 Rd7 42. d6 Ng6 43. Bxf5 Rd8 44.
Rb7 Kg7 45. Rxg6+ Kf8 46. Rxh6 Raa8 47. Rh8+ Kg7 48. Rh7+ Kf8 49. Rbxf7+
Kg8 50. Rfg7+ Kf8 51. Be6 Rab8 52. Rg8# { Black checkmated } 1-0

[Event "ICC tourney 2533 (25 5)"]
[Site "Internet Chess Club"]
[Date "2021.04.24"]
[Round "1"]
[White "VU, LEONARD:K09-15005368"]
[Black "GAO, JERRY:K09-16753890"]
[Result "1-0"]
[ICCResult "Black resigns"]
[WhiteElo "2000"]
[BlackElo "877"]
[Opening "French: Tarrasch, closed variation"]
[ECO "C05"]
[NIC "FR.16"]
[Time "11:03:46"]
[PlyCount "57"]
[TimeControl "1500+5"]

1. e4 e6 2. d4 d5 3. Nd2 Nf6 4. e5 Nfd7 5. c3 c5 6. f4 Nc6 7. Ngf3 Qb6 8.
a3 cxd4 9. c4 Be7 10. b4 Qc7 11. Bb2 Nb6 12. c5 Nd7 13. Nxd4 Nxd4 14. Bxd4
Nf8 15. Rc1 Ng6 16. g3 Bd8 17. Qb3 a6 18. Nf3 Bd7 19. Bd3 Nf8 20. O-O h5
21. Qc2 h4 22. g4 Bc6 23. Be3 Rb8 24. Nd4 Rc8 25. a4 Nd7 26. b5 axb5 27.
axb5 Nb8 28. bxc6 Nxc6 29. Nb5 { Black resigns } 1-0

[Event "ICC tourney 2533 (25 5)"]
[Site "Internet Chess Club"]
[Date "2021.04.24"]
[Round "1"]
[White "TCHENG, SUHN:K09-16951820"]
[Black "ALEXANDER GO, JORDAN:K09-16066782"]
[Result "0-1"]
[ICCResult "White checkmated"]
[WhiteElo "406"]
[BlackElo "1430"]
[Opening "Sicilian"]
[ECO "B50"]
[NIC "SI.01"]
[Time "11:03:09"]
[PlyCount "76"]
[TimeControl "1500+5"]

1. e4 c5 2. Nf3 d6 3. Nc3 Nf6 4. Bb5+ Bd7 5. Bxd7+ Qxd7 6. e5 dxe5 7. Nxe5
Qc7 8. d4 e6 9. Bf4 Bd6 10. Nb5 Qa5+ 11. Bd2 Qxb5 12. Nf3 O-O 13. b3 cxd4
14. Nxd4 Qe5+ 15. Be3 Nd5 16. Qf3 Nxe3 17. fxe3 Qa5+ 18. Kf2 Qb6 19. Rhc1
Nc6 20. Nxc6 Qxc6 21. Qxc6 bxc6 22. c4 Be5 23. Rab1 Rfd8 24. Kf3 Rd2 25. a4
Rad8 26. Ke4 Bf6 27. Rg1 Be7 28. h3 Bc5 29. g4 R8d3 30. Rge1 f6 31. b4 Bb6
32. c5 Bc7 33. Kf3 Rh2 34. Ke4 Rd5 35. Rh1 Re2 36. h4 Rf2 37. Rhd1 f5+ 38.
gxf5 exf5# { White checkmated } 0-1

[Event "ICC tourney 2533 (25 5)"]
[Site "Internet Chess Club"]
[Date "2021.04.24"]
[Round "1"]
[White "HUANG, BRIAN:K09-15187606"]
[Black "LUKOSE, JAMES:K09-16437200"]
[Result "1-0"]
[ICCResult "Black checkmated"]
[WhiteElo "2017"]
[BlackElo "885"]
[Opening "Pirc: classical system, 5.Be2"]
[ECO "B06"]
[NIC "PU.03"]
[Time "11:01:35"]
[PlyCount "77"]
[TimeControl "1500+5"]

1. e4 g6 2. d4 Bg7 3. Nf3 d6 4. Be2 Nf6 5. Nc3 c6 6. O-O O-O 7. h3 b5 8. a3
Nbd7 9. Bf4 Nb6 10. Re1 Re8 11. Qd2 Nh5 12. Bh6 Bf8 13. Bxf8 Rxf8 14. Qh6
f6 15. Bd3 Rf7 16. e5 Qf8 17. Qe3 Nc4 18. Bxc4 bxc4 19. e6 Rg7 20. g4 d5
21. gxh5 gxh5+ 22. Kh1 f5 23. Rg1 Bb7 24. Rxg7+ Kxg7 25. Rg1+ Kh8 26. Qe5+
Qf6 27. Ng5 h6 28. Nf7+ Kh7 29. Qxf6 exf6 30. Nd6 Bc8 31. Re1 Bd7 32. exd7
Rd8 33. Re7+ Kg6 34. f4 h4 35. Ne8 h5 36. Nd1 a6 37. Ne3 a5 38. Rg7+ Kh6
39. Nxf5# { Black checkmated } 1-0

[Event "ICC tourney 2533 (25 5)"]
[Site "Internet Chess Club"]
[Date "2021.04.24"]
[Round "1"]
[White "GREGORY HELLBUSCH, MATTHEW:K09-16265240"]
[Black "ZOFFER, OSKAR:K09-16471866"]
[Result "0-1"]
[ICCResult "White checkmated"]
[WhiteElo "683"]
[BlackElo "1680"]
[Opening "Scandinavian (center counter) defense"]
[ECO "B01"]
[NIC "VO.17"]
[Time "11:01:33"]
[PlyCount "72"]
[TimeControl "1500+5"]

1. e4 d5 2. Nc3 d4 3. Nb5 a6 4. Na3 e5 5. c3 Nf6 6. cxd4 Qxd4 7. Nc2 Qxe4+
8. Be2 Qxg2 9. Bf3 Qg6 10. Qe2 Bd6 11. d3 O-O 12. Be3 Nc6 13. O-O-O Bf5 14.
Qf1 e4 15. dxe4 Bxe4 16. Bxe4 Qxe4 17. f3 Qa4 18. Kb1 Rad8 19. Ne2 Rfe8 20.
Nc3 Qa5 21. Rg1 Bc5 22. Bxc5 Rxd1+ 23. Nxd1 Qxc5 24. Qg2 g6 25. Rf1 Nd4 26.
Nxd4 Qxd4 27. Qc2 Nd5 28. Qc1 Qd3+ 29. Ka1 Qxf1 30. Qd2 Re1 31. Qxe1 Qxe1
32. a3 Qxd1+ 33. Ka2 Qc2 34. Ka1 Ne3 35. Ka2 Nc4 36. Ka1 Qxb2# { White
checkmated } 0-1

[Event "ICC tourney 2533 (25 5)"]
[Site "Internet Chess Club"]
[Date "2021.04.24"]
[Round "1"]
[White "J REEMALA, ANISH:K09-15202281"]
[Black "QUAN, JAKE TAYLOR:K09-15117746"]
[Result "1-0"]
[ICCResult "Black checkmated"]
[WhiteElo "615"]
[BlackElo "1582"]
[Opening "Grünfeld: 5.Bf4"]
[ECO "D92"]
[NIC "GI.07"]
[Time "11:01:49"]
[PlyCount "83"]
[TimeControl "1500+5"]

1. d4 Nf6 2. c4 g6 3. Nc3 d5 4. Nf3 Bg7 5. Bf4 O-O 6. cxd5 Nxd5 7. Nxd5
Qxd5 8. e3 c5 9. Be2 Nc6 10. dxc5 Qxc5 11. O-O Rd8 12. Qb3 Be6 13. Qxb7 Na5
14. Qb5 Qxb5 15. Bxb5 Rd5 16. Ba6 Bg4 17. b4 Bxa1 18. Rxa1 Bxf3 19. gxf3
Rad8 20. bxa5 e5 21. Bg5 R8d6 22. Bc4 Rxa5 23. Rb1 Rc6 24. Bh6 Rac5 25. Bd5
Rc8 26. e4 R5c7 27. Rb7 Rxb7 28. Bxb7 Rc7 29. Bd5 Rd7 30. Kg2 Rd6 31. Kg3
Rb6 32. f4 exf4+ 33. Kxf4 Rb2 34. Kg3 Rc2 35. h4 Rb2 36. f3 Rb1 37. Kg4
Rg1+ 38. Kf4 Rh1 39. Kg5 Rg1+ 40. Kf6 g5 41. Bxf7+ Kh8 42. Bg7# { Black
checkmated } 1-0

[Event "ICC tourney 2533 (25 5)"]
[Site "Internet Chess Club"]
[Date "2021.04.24"]
[Round "1"]
[White "MELILLO, LUCIUS:K09-15570195"]
[Black "ALEXANDER SANTOS, DAVID:K09-17215556"]
[Result "1-0"]
[ICCResult "Black checkmated"]
[WhiteElo "1881"]
[BlackElo "808"]
[Opening "QGD: exchange, positional line, 5...c6"]
[ECO "D35"]
[NIC "QO.16"]
[Time "11:01:56"]
[PlyCount "77"]
[TimeControl "1500+5"]

1. d4 d5 2. c4 e6 3. Nc3 Nf6 4. cxd5 exd5 5. Bg5 c6 6. e3 Nbd7 7. Bd3 h6 8.
Bh4 Qb6 9. Qc2 c5 10. Nf3 Be7 11. O-O O-O 12. Rac1 cxd4 13. Nxd4 Bc5 14.
Rfd1 Bxd4 15. exd4 Qd6 16. Bg3 Qc6 17. Qb3 b6 18. Bb5 Qb7 19. Ne2 Ne8 20.
Nc3 Ndf6 21. Be5 Be6 22. Qa4 Rc8 23. Ba6 Qe7 24. Bxc8 Bxc8 25. Nxd5 Nxd5
26. Rxc8 Nef6 27. Rxf8+ Kxf8 28. Qc6 Kg8 29. Qc8+ Kh7 30. Qf5+ g6 31. Bxf6
Nxf6 32. Qe5 Qd8 33. d5 Nd7 34. Qf4 f5 35. Re1 Nc5 36. d6 Nd3 37. Re7+ Kg8
38. Qxh6 Qc8 39. Qg7# { Black checkmated } 1-0

[Event "ICC tourney 2533 (25 5)"]
[Site "Internet Chess Club"]
[Date "2021.04.24"]
[Round "1"]
[White "E BROADUS, ANDERSON:K09-17254874"]
[Black "OHLY, OLIVER:K09-16469982"]
[Result "0-1"]
[ICCResult "White checkmated"]
[WhiteElo "551"]
[BlackElo "1525"]
[Opening "QGD semi-Slav: 5...Nd7"]
[ECO "D45"]
[NIC "SL.08"]
[Time "11:01:16"]
[PlyCount "122"]
[TimeControl "1500+5"]

1. d4 d5 2. c4 c6 3. Nf3 Nf6 4. e3 e6 5. Nc3 Nbd7 6. cxd5 cxd5 7. Bb5 a6 8.
Qa4 Bd6 9. O-O O-O 10. Bd3 Rb8 11. Qc2 b5 12. Ng5 g6 13. e4 dxe4 14. Ngxe4
Nxe4 15. Nxe4 Be7 16. Bh6 Re8 17. Qc3 Nf6 18. d5 exd5 19. Nxf6+ Bxf6 20.
Qd2 Bb7 21. Qf4 Be5 22. Qg5 Qd6 23. Rfe1 Bxh2+ 24. Kh1 d4 25. Rxe8+ Rxe8
26. Qh4 Be5 27. f4 Qd5 28. Qg5 Bf6 29. Qxd5 Bxd5 30. a4 Re3 31. Bf1 Bc4 32.
Bxc4 bxc4 33. Rc1 c3 34. bxc3 dxc3 35. f5 Rd3 36. fxg6 hxg6 37. g4 Rh3+ 38.
Kg2 Rxh6 39. Kg3 Be5+ 40. Kf3 f5 41. Re1 c2 42. Rc1 Rh2 43. gxf5 gxf5 44.
a5 Bb2 45. Rg1+ Kf7 46. Kg3 Rh8 47. Rf1 c1=Q 48. Rxc1 Bxc1 49. Kf3 Bd2 50.
Kf2 Bxa5 51. Kf3 Bc3 52. Kf4 a5 53. Kxf5 a4 54. Ke4 a3 55. Kd3 a2 56. Kxc3
a1=Q+ 57. Kc4 Rd8 58. Kc5 Qc1+ 59. Kb6 Rb8+ 60. Ka7 Qb1 61. Ka6 Ra8# {
White checkmated } 0-1

[Event "ICC tourney 2533 (25 5)"]
[Site "Internet Chess Club"]
[Date "2021.04.24"]
[Round "1"]
[White "MORSE, FRANK:K09-16935924"]
[Black "V V SHI, ROGER:K09-16191192"]
[Result "0-1"]
[ICCResult "White checkmated"]
[WhiteElo "610"]
[BlackElo "1572"]
[Opening "King's Indian defense, 3.Nc3"]
[ECO "E61"]
[NIC "KI.80"]
[Time "11:02:44"]
[PlyCount "116"]
[TimeControl "1500+5"]

1. d4 Nf6 2. c4 g6 3. Nc3 Bg7 4. Bf4 O-O 5. Nb5 d6 6. Nf3 a6 7. Nc3 Nbd7 8.
e4 Nh5 9. Be3 e5 10. g3 Re8 11. Bh3 exd4 12. Bxd4 Nhf6 13. O-O Nxe4 14.
Nxe4 Rxe4 15. Bxg7 Kxg7 16. Qd3 Nc5 17. Qc3+ Qf6 18. Qxf6+ Kxf6 19. Bg2
Rxc4 20. b3 Rc2 21. Nd4 Rd2 22. Nf3 Re2 23. Nd4 Re7 24. Rfe1 Rxe1+ 25. Rxe1
Bd7 26. b4 Nd3 27. Rb1 c6 28. f4 Re8 29. Bf1 Re1 30. Rxe1 Nxe1 31. Kf2 c5
32. bxc5 dxc5 33. Kxe1 cxd4 34. Bg2 Bc6 35. Bh3 b5 36. Kd2 Be4 37. Bc8 a5
38. Bd7 b4 39. Bb5 Ke6 40. Bc4+ Bd5 41. Kd3 Bxc4+ 42. Kxc4 d3 43. Kxd3 Kd5
44. h4 h5 45. Kc2 Kc4 46. Kb2 a4 47. Kc2 f5 48. Kb2 Kd3 49. Kc1 b3 50. axb3
axb3 51. Kb2 Kc4 52. Kb1 Kc3 53. Kc1 b2+ 54. Kb1 Kb3 55. g4 fxg4 56. f5 g3
57. f6 g2 58. f7 g1=Q# { White checkmated } 0-1